 Dungeon Crawl Stone Soup version 0.32-a0-377-g951292165a (webtiles) character file.

Game seed: 12120860589816229885

201 Ijustatesigmund the Digger (level 5, -6/31 HPs)
             Began as a Gargoyle Earth Elementalist on Feb 19, 2024.
             Mangled by a crocodile (13 damage)
             ... in a sewer.
             The game lasted 00:04:17 (2118 turns).

Ijustatesigmund the Digger (GrEE)                   Turns: 2118, Time: 00:04:19

Health: -6/31      AC:  7    Str: 12    XL:     5   Next: 79%
Magic:  0/9        EV: 11    Int: 17    God:
Gold:   99         SH:  0    Dex: 10    Spells: 6/10 levels left

rFire   . . .        d - +0 spear (heavy)
rCold   . . .        (no shield)
rNeg    + . .        a - +0 robe
rPois   ∞            (no helmet)
rElec   +            (no cloak)
rCorr   .            (no gloves)
SInv    .            g - +0 pair of boots
Will    .....        (no amulet)
Stlth   ++           (no ring)
HPRegen 0.25/turn    (no ring)
MPRegen 0.11/turn

%: no passive effects
@: no status effects
A: sickness immunity, AC +4, negative energy resistance 1, electricity
resistance, torment resistance 1, petrification resistance
a: no special abilities


You were in a sewer.
You visited 1 branch of the dungeon, and saw 3 of its levels.
You also visited: Sewer.

You collected 99 gold pieces.

Inventory:

Hand Weapons
 d - a +0 heavy spear (weapon)
Armour
 a - a +0 robe (worn)
 g - a +0 pair of boots (worn)
Scrolls
 c - a scroll of brand weapon
 i - 2 scrolls of teleportation
Potions
 b - 3 potions of magic
 f - a potion of curing {unknown}
 h - 3 potions of enlightenment
 j - a potion of resistance {unknown}


   Skills:
 + Level 2.7 Fighting
 - Level 1.5 Dodging
 - Level 2.1 Stealth
 + Level 3.2 Spellcasting
 + Level 3.0 Conjurations
 + Level 4.8 Earth Magic


You had 6 spell levels left.
You knew the following spells:

 Your Spells              Type           Power      Damage    Failure   Level
a - Sandblast             Erth           38%        2d10      2%          1
b - Stone Arrow           Conj/Erth      32%        3d9       10%         3

Your spell library contained the following spells:

 Spells                   Type           Power      Damage    Failure   Level
 Passwall                 Erth           19%        N/A       7%          3
 Lesser Beckoning         Tloc           4%         N/A       26%         2
 Brom's Barrelling Bould  Conj/Erth      16%        2d4       32%         4
 Gell's Gravitas          Tloc           2%         N/A       45%         3
 Teleport Other           Tloc           2%         N/A       45%         3
 Petrify                  Alch/Erth      11%        N/A       54%         4


Dungeon Overview and Level Annotations

Branches:
Dungeon (3/15)              Sewer (1/1)

Altars:


Innate Abilities, Weirdness & Mutations

You are immune to sickness and miasma.
Your stone body is resilient. (AC +4)
You are immune to poison.
You resist negative energy. (rN+)
You are resistant to electric shocks. (rElec)
You are resistant to unholy torment.
You are immune to petrification.


Message History

Aiming: Sandblast (safe; 2% risk of failure)
Press: ? - help, Shift-Dir - straight line, f/p - crocodile
Aim: a crocodile (heavily wounded, 77% to hit)
The blast of sand hits the crocodile.
The crocodile is severely wounded.
The crocodile misses you.
Unknown command.
Casting: Sandblast (safe; 2% risk of failure)
Confirm with . or Enter, or press ? or * to list all spells.
Aiming: Sandblast (safe; 2% risk of failure)
Press: ? - help, Shift-Dir - straight line, f/p - crocodile
Aim: a crocodile (severely wounded, 77% to hit)
The blast of sand misses the crocodile.
The crocodile misses you.
The crocodile bites you but does no damage.
Casting: Sandblast (safe; 2% risk of failure)
Confirm with . or Enter, or press ? or * to list all spells.
Aiming: Sandblast (safe; 2% risk of failure)
Press: ? - help, Shift-Dir - straight line, f/p - crocodile
Aim: a crocodile (severely wounded, 77% to hit)
The blast of sand misses the crocodile.
The crocodile closely misses you.
Casting: Sandblast (safe; 2% risk of failure)
Confirm with . or Enter, or press ? or * to list all spells.
Aiming: Sandblast (safe; 2% risk of failure)
Press: ? - help, Shift-Dir - straight line, f/p - crocodile
Aim: a crocodile (severely wounded, 77% to hit)
The blast of sand hits the crocodile but does no damage.
The crocodile is severely wounded.
The crocodile bites you.
The giant cockroach waves its antennae.
The crocodile bites you!
* * * LOW HITPOINT WARNING * * *
Casting: Sandblast (safe; 2% risk of failure)
Confirm with . or Enter, or press ? or * to list all spells.
Aiming: Sandblast (safe; 2% risk of failure)
Press: ? - help, Shift-Dir - straight line, f/p - crocodile
Aim: a crocodile (severely wounded, 77% to hit)
The blast of sand hits the crocodile!
The crocodile is almost dead.
The crocodile bites you!
You die...

###### ###...~## .r.
##...~~~~### .B~
#######...~~~#~~≈# rr
#.....†.~~~≈~#.#≈# ~≈
#.##~~~~~~≈≈≈#.# # ≈#
#.#≈≈≈###~####.# .#
#~~≈###..~...#.#####r#
~~≈≈# #......##.@lBrr#
##### ################


You could see a crocodile, a quokka, a giant cockroach and 2 rats.

Vanquished Creatures
  Terence (D:3)
  A sickly merfolk siren (Sewer)
  4 adders
  A ribbon worm (D:3)
  A dart slug (D:3)
  7 ball pythons
  3 bats
  6 endoplasms
  5 giant cockroaches
  5 goblins
  3 hobgoblins
  3 jackals (D:1)
  5 kobolds
  2 quokkas
  6 frilled lizards
  15 rats
68 creatures vanquished.

Notes
Turn   | Place    | Note
-------+----------+-------------------------------------------
     0 | D:1      | Ijustatesigmund the Gargoyle Earth Elementalist began the
                  | quest for the Orb.
     0 | D:1      | Reached XP level 1. HP: 10/10 MP: 3/3
   188 | D:1      | Reached XP level 2. HP: 14/16 MP: 0/5
   425 | D:1      | Reached skill level 1 in Fighting
   507 | D:1      | Reached skill level 4 in Earth Magic
   509 | D:1      | Reached XP level 3. HP: 20/20 MP: 0/6
  1127 | D:2      | Reached XP level 4. HP: 26/26 MP: 5/7
  1411 | D:2      | Found a faded altar of an unknown god.
  1641 | D:3      | Learned a level 3 spell: Stone Arrow
  1662 | D:3      | Noticed Terence
  1671 | D:3      | Killed Terence
  1765 | D:3      | Reached XP level 5. HP: 22/30 MP: 4/9
  1854 | D:3      | Found a glowing drain.
  1859 | Sewer    | Entered a sewer
  2093 | Sewer    | Noticed a crocodile
  2118 | Sewer    | Mangled by a crocodile

Illustrated notes

Levels and vault maps discovered:
D:1:      lemuel_arrival_tunnels, layout_rooms, nicolae_twisty_statue_hallways
D:2:      layout_basic, basic_ecumenical_altar
D:3:      layout_basic, nicolae_overflow_squiral,
          mainiacjoe_sewer_entry_somewhere_in_here_1, corexii_corridor_pit,
          minivault_26, uniq_terence
Sewer:    sewer_sea

Skill      XL: |  1  2  3  4  5 |
---------------+----------------+-----
Fighting       | 1 2 |  2.7
Earth Magic    | 4 |  4.8
Conjurations   | 2 3 |  3.0
Spellcasting   | 3 |  3.2
Dodging        | |  1.5
Stealth        | |  2.1

Action                     |  1- 3 |  4- 6 || total
---------------------------+-------+-------++-------
  Melee: Unarmed           |     8 |       ||     8
         Spear             |    34 |    79 ||   113
   Cast: Sandblast         |    26 |    43 ||    69
    Use: Scroll            |       |     5 ||     5
         Potion            |       |     2 ||     2
 Armour: Robe              |    21 |    63 ||    84
  Dodge: Dodged            |    30 |    42 ||    72

Table legend: (Time is in decaauts)
 A = Elapsed time spent in this place.
 B = Non-inter-level travel time spent in this place.
 C = Inter-level travel time spent in this place.
 D = Time resting spent in this place.
 E = Time spent auto-exploring this place.
 F = Levels seen in this place.
 G = Mean time per level.
                   A        B        C        D        E       F      G
               +--------+--------+--------+--------+--------+-----+--------+
         Total |   2213 |   2131 |     82 |    322 |   1356 |   4 |  553.2 |
       Dungeon |   1902 |   1820 |     82 |    322 |   1171 |   3 |  634.0 |
         Sewer |    311 |    311 |      0 |      0 |    185 |   1 |  311.0 |
               +--------+--------+--------+--------+--------+-----+--------+

Top non-repeatable levels by time:
     D:2: 834 daAuts
     D:1: 817 daAuts
   Sewer: 311 daAuts
     D:3: 250 daAuts
